 Dungeon Crawl Stone Soup version 0.25.0-8-gfd19cd77bd (webtiles) character file.

Game seed: 8507058427156117497

2 DeadF the Vexing (level 1, -2/7 HPs)
             Began as a Felid Enchanter on June 16, 2020.
             Slain by a kobold
             ... wielding a +0 whip
              (4 damage)
             ... on level 1 of the Dungeon.
             The game lasted 00:00:14 (79 turns).

DeadF the Vexing (Felid Enchanter)                    Turns: 79, Time: 00:00:14

Health: -2/7       AC:  1    Str:  4    XL:     1   Next: 25%
Magic:  4/4        EV: 18    Int: 16    God:
Gold:   32         SH:  0    Dex: 16    Spells: 3/4 levels left
                                        Lives:  0   Deaths: 0

rFire    . . .     SeeInvis +     - Unarmed
rCold    . . .     Gourm    .   (shield unavailable)
rNeg     . . .     Faith    .   (armour unavailable)
rPois    .         Spirit   .   (helmet unavailable)
rElec    .         Reflect  .   (cloak unavailable)
rCorr    .         Harm     .   (gloves unavailable)
MR       .....                  (boots unavailable)
Stlth    +++.......             (no amulet)
HPRegen  0.02/turn              (no ring)
MPRegen  0.09/turn              (no ring)

@: quick
A: very small, no armour, no weapons or thrown items, stealth, claws 1, fangs 3,
see invisible, carnivore, speed 1, shaggy fur 1, slow metabolism 1, sharp paws
a: no special abilities


You were on level 1 of the Dungeon.
You were full.

You visited 1 branch of the dungeon, and saw 1 of its levels.

You collected 32 gold pieces.

Inventory:

Comestibles
 b - a ration


   Skills:
 + Level 2.8 Dodging
 + Level 4.1 Stealth
 - Level 1.0 Unarmed Combat
 - Level 2.0 Spellcasting
 - Level 4.4 Hexes


You had 3 spell levels left.
You knew the following spells:

 Your Spells              Type           Power        Failure   Level  Hunger
a - Corona                Hex            ###....      3%          1    #......

Your spell library contained the following spells:

 Spells                   Type           Power        Failure   Level  Hunger
 Confusing Touch          Hex            ###.....     11%         3    ###....
 Tukima's Dance           Hex            ###.....     11%         3    ###....
 Ensorcelled Hibernation  Hex/Ice        #.....       13%         2    ###....
 Dazzling Flash           Conj/Hex       #.....       26%         3    ###....


Dungeon Overview and Level Annotations

Branches:
Dungeon (1/15)

Altars:


Innate Abilities, Weirdness & Mutations

You cannot wear armour.
You are incapable of wielding weapons or throwing items.
Your paws allow you to move quietly. (Stealth)
You have sharp claws.
You have razor-sharp teeth.
You have supernaturally acute eyesight. (SInv)
You are carnivorous and can eat meat at any time.
You cover ground quickly.
You are covered in fur. (AC +1)
You have a slow metabolism.
Your sharp claws are effective at attacking unaware monsters.


Message History

Unknown command.
Unknown command.
Unknown command.
A rat comes into view.
You see here 9 gold pieces.
A rat is nearby!
A rat is nearby!
A kobold comes into view. It is wielding a +0 whip.
The kobold shouts!
The rat misses you.
You barely miss the kobold. The rat misses you.
The kobold hits you with a +0 whip.
Ouch! That really hurt!
* * * LOW HITPOINT WARNING * * *
You are too injured to fight recklessly!
You are too injured to fight recklessly!
You are too injured to fight recklessly!
The kobold hits you with a +0 whip.
Ouch! That really hurt!
You die...

# #...## #....... #.#
#...##....... #..
#....#.....
#.#####...#...(.
#..##.....#....รท
###........#.....
#......$...#)....
########......)..###.###
.......@r....##.........
########K........##.####
#......#..#..#
#.....###...# #.....#
#### #.....# #.....#
#######


You could see a kobold and a rat.

Vanquished Creatures
  A hobgoblin (D:1)
  A bat (D:1)
2 creatures vanquished.

Notes
Turn   | Place    | Note
-------+----------+-------------------------------------------
     0 | D:1      | DeadF the Felid Enchanter began the quest for the Orb.
     0 | D:1      | Reached XP level 1. HP: 7/7 MP: 4/4
     2 | D:1      | Noticed a felid
     2 | D:1      | Noticed a demigod
     4 | D:1      | Noticed a draconian
     6 | D:1      | Noticed a merfolk
     8 | D:1      | Noticed an elf
    10 | D:1      | Noticed an octopode
    10 | D:1      | Noticed a naga
    12 | D:1      | Noticed a troll
    12 | D:1      | Noticed a centaur
    14 | D:1      | Noticed a demonspawn
    14 | D:1      | Noticed a tengu
    16 | D:1      | Noticed a vine stalker
    16 | D:1      | Noticed a gargoyle
    18 | D:1      | Noticed a minotaur
    18 | D:1      | Noticed a spriggan
    20 | D:1      | Noticed a formicid
    22 | D:1      | Noticed a halfling
    22 | D:1      | Noticed a dwarf
    24 | D:1      | Noticed a ghoul
    24 | D:1      | Noticed a human
    26 | D:1      | Noticed an ogre
    26 | D:1      | Noticed a vampire
    79 | D:1      | Slain by a kobold

Illustrated notes

Levels and vault maps discovered:
D:1:      kb_arrival_jail, layout_rooms

Action                   || total
-------------------------++-------
Melee: Unarmed           ||     3
 Stab: Sleeping          ||     2
  Eat: Chunk             ||     2
Dodge: Dodged            ||     2
